| TOP OF THE 1ST |
|
Savannah Indians batting - Pitching for Montgomery Rebels : LHP Shane Rawley
|
|
Pitching: LHP Shane Rawley
|
|
|
Batting: RHB Angel Salazar
|
0-0: Foul Ball, location: 2F 0-1: SINGLE (Groundball, 6S, EV 64.4 MPH) (infield hit)
|
|
Batting: LHB Kelvin Torve
|
0-0: Ball 1-0: Called Strike 1-1: Ball 2-1: Ground out 3-1 (Groundball, 34S, EV 86.3 MPH) Angel Salazar to second
|
|
Batting: RHB Jim Paciorek
|
0-0: Swinging Strike 0-1: Ball 1-1: Called Strike Angel Salazar steals 3rd base 1-2: Fly out, F6 (Flyball, 6MD, EV 88.1 MPH)
|
|
Batting: RHB Wade Rowdon
|
0-0: Called Strike 0-1: Ball 1-1: Called Strike 1-2: Strikes out swinging
|
| Top of the 1st over - 0 runs, 1 hit, 0 errors, 1 left on base; Savannah 0 - Montgomery 0 |
| BOTTOM OF THE 1ST |
|
Montgomery Rebels batting - Pitching for Savannah Indians : RHP Jose Guzman
|
|
Pitching: RHP Jose Guzman
|
|
|
Batting: LHB Dwayne Murphy
|
0-0: Swinging Strike 0-1: Swinging Strike 0-2: Ball 1-2: Strikes out swinging
|
|
Batting: RHB Jeff Schumaker
|
0-0: Swinging Strike 0-1: Ground out U3 (Groundball, 34S, EV 66.3 MPH)
|
|
Batting: LHB Greg Brock
|
0-0: Called Strike 0-1: Called Strike 0-2: Foul Ball, location: 2F 0-2: Foul Ball, location: 2F 0-2: Foul Ball, location: 2F 0-2: Ball 1-2: Ball 2-2: Fly out, F9 (Flyball, 9, EV 85.0 MPH)
|
| Bottom of the 1st over - 0 runs, 0 hits, 0 errors, 0 left on base; Savannah 0 - Montgomery 0 |
| TOP OF THE 2ND |
|
Savannah Indians batting - Pitching for Montgomery Rebels : LHP Shane Rawley
|
|
Batting: RHB Ramiro Gutierrez
|
0-0: Called Strike 0-1: Foul Ball, location: 2F 0-2: Foul Ball, location: 2F 0-2: Foul Ball, location: 2F 0-2: SINGLE (Groundball, 6D, EV 95.0 MPH)
|
|
Batting: LHB Roberto Hernandez
|
0-0: Ball 1-0: 2-RUN HOME RUN (Flyball, 7D, EV 98.8 MPH), Distance : 377 ft
|
|
Batting: RHB Eddie Vargas
|
0-0: Foul Ball, location: 2F 0-1: Foul Ball, location: 2F 0-2: Foul Ball, location: 2F 0-2: DOUBLE (Flyball, 89D, EV 93.8 MPH)
|
|
Batting: RHB Jeff Hearron
|
0-0: Ball Passed Ball! Eddie Vargas to third 1-0: Foul Ball, location: 2F 1-1: Swinging Strike 1-2: Ball 2-2: Ball 3-2: Base on Balls
|
|
Batting: RHB Mario Diaz
|
0-0: Called Strike 0-1: Grounds into double play, 4-6-3 (Groundball, 4, EV 86.9 MPH) Eddie Vargas scores
|
|
Batting: RHB Angel Salazar
|
0-0: Called Strike 0-1: Ground out 6-3 (Groundball, 6MS, EV 75.6 MPH)
|
| Top of the 2nd over - 3 runs, 3 hits, 0 errors, 0 left on base; Savannah 3 - Montgomery 0 |
| BOTTOM OF THE 2ND |
|
Montgomery Rebels batting - Pitching for Savannah Indians : RHP Jose Guzman
|
|
Batting: RHB John Guarino
|
0-0: Called Strike 0-1: Foul Ball, location: 2F 0-2: Ball 1-2: Ball 2-2: Foul Ball, location: 2F 2-2: Foul Ball, location: 2F 2-2: Foul Ball, location: 2F 2-2: Foul Ball, location: 2F 2-2: Ball 3-2: Base on Balls
|
|
Batting: SHB Arthur Fischetti
|
0-0: Ball 1-0: Called Strike 1-1: Fielders Choice at 2nd, 4-6 (Groundball, 4, EV 106.3 MPH)
|
|
Batting: RHB Roberto Palacios
|
0-0: Foul Ball, location: 2F 0-1: Ground out U3 (Groundball, 34S, EV 64.4 MPH) Arthur Fischetti to second
|
|
Batting: LHB Dave Hudgens
|
0-0: SINGLE (Line Drive, 8RM, EV 92.5 MPH) Arthur Fischetti to third Runner from 3rd tries for Home, SAFE, throw by CF to home
|
|
Batting: SHB Mike Thorpe
|
0-0: Ball 1-0: Ball 2-0: Fly out, F8 (Flyball, 8LXD, EV 95.6 MPH)
|
| Bottom of the 2nd over - 1 run, 1 hit, 0 errors, 1 left on base; Savannah 3 - Montgomery 1 |
| TOP OF THE 3RD |
|
Savannah Indians batting - Pitching for Montgomery Rebels : LHP Shane Rawley
|
|
Batting: LHB Kelvin Torve
|
0-0: Ball 1-0: Ball 2-0: Called Strike 2-1: Foul Ball, location: 2F 2-2: Foul Ball, location: 2F 2-2: Ground out 4-3 (Groundball, 4, EV 81.9 MPH)
|
|
Batting: RHB Jim Paciorek
|
0-0: Foul Ball, location: 2F 0-1: Foul Ball, location: 2F 0-2: Foul Ball, location: 2F 0-2: Strikes out swinging
|
|
Batting: RHB Wade Rowdon
|
0-0: Called Strike 0-1: Ground out 5-3 (Groundball, 56S, EV 63.1 MPH)
|
| Top of the 3rd over - 0 runs, 0 hits, 0 errors, 0 left on base; Savannah 3 - Montgomery 1 |
| BOTTOM OF THE 3RD |
|
Montgomery Rebels batting - Pitching for Savannah Indians : RHP Jose Guzman
|
|
Batting: RHB Mike Colbern
|
0-0: Called Strike 0-1: Swinging Strike 0-2: Foul Ball, location: 2F 0-2: Strikes out looking
|
|
Batting: LHB Dwayne Murphy
|
0-0: Ball 1-0: Foul Ball, location: 2F 1-1: Ground out 4-3 (Groundball, 4M, EV 102.5 MPH)
|
|
Batting: RHB Jeff Schumaker
|
0-0: Ball 1-0: Ball 2-0: Called Strike 2-1: Foul Ball, location: 2F 2-2: Strikes out swinging
|
| Bottom of the 3rd over - 0 runs, 0 hits, 0 errors, 0 left on base; Savannah 3 - Montgomery 1 |
| TOP OF THE 4TH |
|
Savannah Indians batting - Pitching for Montgomery Rebels : LHP Shane Rawley
|
|
Batting: RHB Ramiro Gutierrez
|
0-0: Foul Ball, location: 2F 0-1: Ball 1-1: Foul Ball, location: 2F 1-2: Ball 2-2: Strikes out swinging
|
|
Batting: LHB Roberto Hernandez
|
0-0: Fly out, F7 (Flyball, 7, EV 86.3 MPH)
|
|
Batting: RHB Eddie Vargas
|
0-0: Swinging Strike 0-1: Ball 1-1: Foul Ball, location: 2F 1-2: Ball 2-2: Ball 3-2: Base on Balls
|
|
Batting: RHB Jeff Hearron
|
0-0: Called Strike 0-1: Fly out, F7 (Flyball, 7, EV 91.9 MPH)
|
| Top of the 4th over - 0 runs, 0 hits, 0 errors, 1 left on base; Savannah 3 - Montgomery 1 |
| BOTTOM OF THE 4TH |
|
Montgomery Rebels batting - Pitching for Savannah Indians : RHP Jose Guzman
|
|
Batting: LHB Greg Brock
|
0-0: Ball 1-0: Called Strike 1-1: Called Strike 1-2: Strikes out looking
|
|
Batting: RHB John Guarino
|
0-0: Ball 1-0: Ball 2-0: Fly out, F7 (Flyball, 7S, EV 85.6 MPH)
|
|
Batting: SHB Arthur Fischetti
|
0-0: Foul Ball, location: 2F 0-1: Ball 1-1: Foul Ball, location: 2F 1-2: Ball 2-2: Fly out, F8 (Flyball, 8LD, EV 106.9 MPH)
|
| Bottom of the 4th over - 0 runs, 0 hits, 0 errors, 0 left on base; Savannah 3 - Montgomery 1 |
| TOP OF THE 5TH |
|
Savannah Indians batting - Pitching for Montgomery Rebels : LHP Shane Rawley
|
|
Batting: RHB Mario Diaz
|
0-0: Ball 1-0: Ground out 5-3 (Groundball, 56S, EV 71.3 MPH)
|
|
Batting: RHB Angel Salazar
|
0-0: Swinging Strike 0-1: Ground out 6-3 (Groundball, 56, EV 102.5 MPH)
|
|
Batting: LHB Kelvin Torve
|
0-0: Called Strike 0-1: Ball 1-1: Swinging Strike 1-2: Ground out 6-3 (Groundball, 6M, EV 95.0 MPH)
|
| Top of the 5th over - 0 runs, 0 hits, 0 errors, 0 left on base; Savannah 3 - Montgomery 1 |
| BOTTOM OF THE 5TH |
|
Montgomery Rebels batting - Pitching for Savannah Indians : RHP Jose Guzman
|
|
Batting: RHB Roberto Palacios
|
0-0: Foul Ball, location: 2F 0-1: Ball 1-1: Ground out 6-3 (Groundball, 6D, EV 96.9 MPH)
|
|
Batting: LHB Dave Hudgens
|
0-0: Fly out, F8 (Flyball, 78D, EV 96.9 MPH)
|
|
Batting: SHB Mike Thorpe
|
0-0: Ball 1-0: Foul Ball, location: 2F 1-1: Ball 2-1: SINGLE (Groundball, 34D, EV 102.5 MPH)
|
|
Batting: RHB Mike Colbern
|
0-0: Called Strike 0-1: Foul Ball, location: 2F 0-2: Ball 1-2: Foul Ball, location: 2F 1-2: Ground out 3-1 (Groundball, 34S, EV 77.5 MPH)
|
| Bottom of the 5th over - 0 runs, 1 hit, 0 errors, 1 left on base; Savannah 3 - Montgomery 1 |
| TOP OF THE 6TH |
|
Savannah Indians batting - Pitching for Montgomery Rebels : LHP Shane Rawley
|
|
Batting: RHB Jim Paciorek
|
0-0: Foul Ball, location: 2F 0-1: Ball 1-1: Ball 2-1: Foul Ball, location: 2F 2-2: Ground out 6-3 (Groundball, 56, EV 84.4 MPH)
|
|
Batting: RHB Wade Rowdon
|
0-0: Ball 1-0: Hit by Pitch
|
|
Batting: RHB Ramiro Gutierrez
|
0-0: Ball 1-0: Called Strike 1-1: Ball 2-1: Called Strike 2-2: Ball 3-2: SINGLE (Groundball, 5S, EV 68.1 MPH) (infield hit) Wade Rowdon to second
|
|
Batting: LHB Roberto Hernandez
|
0-0: Fielders Choice at 2nd, 3-6 (Groundball, 3, EV 103.8 MPH) Wade Rowdon to third
|
|
Batting: RHB Eddie Vargas
|
0-0: Called Strike 0-1: Foul Ball, location: 2F 0-2: Ball 1-2: Ball 2-2: Fielders Choice at 2nd, 6-4 (Groundball, 6, EV 107.5 MPH)
|
| Top of the 6th over - 0 runs, 1 hit, 0 errors, 2 left on base; Savannah 3 - Montgomery 1 |
| BOTTOM OF THE 6TH |
|
Montgomery Rebels batting - Pitching for Savannah Indians : RHP Jose Guzman
|
|
Batting: LHB Dwayne Murphy
|
0-0: Ball 1-0: Foul Ball, location: 2F 1-1: Swinging Strike 1-2: Ball 2-2: Fly out, F9 (Line Drive, 9, EV 85.6 MPH)
|
|
Batting: RHB Jeff Schumaker
|
0-0: Ball 1-0: Foul Ball, location: 2F 1-1: Ball 2-1: Reached on error, E6 (Groundball, 6, EV 93.1 MPH)
|
|
Batting: LHB Greg Brock
|
0-0: Ball 1-0: Foul Ball, location: 2F 1-1: Called Strike 1-2: 2-RUN HOME RUN (Line Drive, 8RXD, EV 97.5 MPH), Distance : 452 ft
|
|
Batting: RHB John Guarino
|
0-0: Called Strike 0-1: Foul Ball, location: 2F 0-2: Foul Ball, location: 2F 0-2: Ball 1-2: Fly out, F7 (Flyball, 78S, EV 88.1 MPH)
|
|
Batting: SHB Arthur Fischetti
|
0-0: Called Strike 0-1: Ball 1-1: Called Strike 1-2: Strikes out swinging
|
| Bottom of the 6th over - 2 runs, 1 hit, 1 error, 0 left on base; Savannah 3 - Montgomery 3 |
| TOP OF THE 7TH |
|
Savannah Indians batting - Pitching for Montgomery Rebels : LHP Shane Rawley
|
|
Batting: RHB Jeff Hearron
|
0-0: Ball 1-0: Called Strike 1-1: Called Strike 1-2: Strikes out swinging, 2-3 out at first.
|
|
Batting: RHB Mario Diaz
|
0-0: Called Strike 0-1: DOUBLE (Line Drive, 89D, EV 104.4 MPH)
|
|
Batting: RHB Angel Salazar
|
0-0: Ball 1-0: Ball 2-0: Foul Ball, location: 2F 2-1: Foul Ball, location: 2F 2-2: Ball 3-2: SINGLE (Line Drive, 89S, EV 105.0 MPH) Mario Diaz to third Runner from 3rd tries for Home, SAFE, throw by RF to home
|
|
Batting: LHB Kelvin Torve
|
0-0: Ball 1-0: Foul Ball, location: 2F 1-1: SINGLE (Line Drive, 89S, EV 91.9 MPH) Angel Salazar to second Runner from 2nd tries for 3rd, SAFE, throw by RF made to third
|
|
Batting: RHB Jim Paciorek
|
0-0: Ball 1-0: Ball 2-0: Ball 3-0: Base on Balls Kelvin Torve to second
|
|
Batting: RHB Wade Rowdon
|
0-0: Foul Ball, location: 2F 0-1: SINGLE (Line Drive, 4D, EV 107.5 MPH) Angel Salazar scores Kelvin Torve to third Jim Paciorek to second
|
|
Batting: RHB Ramiro Gutierrez
|
0-0: Grounds into fielders choice 6-2 (Groundball, 6, EV 84.4 MPH) Jim Paciorek to third Wade Rowdon to second
|
|
Batting: LHB Roberto Hernandez
|
0-0: Called Strike 0-1: Ball 1-1: Called Strike 1-2: Ball 2-2: Fly out, F9 (Line Drive, 9, EV 95.6 MPH)
|
| Top of the 7th over - 2 runs, 4 hits, 0 errors, 3 left on base; Savannah 5 - Montgomery 3 |
| BOTTOM OF THE 7TH |
|
Montgomery Rebels batting - Pitching for Savannah Indians : RHP Jose Guzman
|
|
Batting: RHB Roberto Palacios
|
0-0: Ball 1-0: Ball 2-0: Foul Ball, location: 2F 2-1: Foul Ball, location: 2F 2-2: Fly out, F8 (Flyball, 8RD, EV 94.4 MPH)
|
|
Batting: LHB Dave Hudgens
|
0-0: Called Strike 0-1: Ball 1-1: Ground out 3-1 (Groundball, 34, EV 86.9 MPH)
|
|
Batting: SHB Mike Thorpe
|
0-0: Called Strike 0-1: Ground out 6-3 (Groundball, 6, EV 101.9 MPH)
|
| Bottom of the 7th over - 0 runs, 0 hits, 0 errors, 0 left on base; Savannah 5 - Montgomery 3 |
| TOP OF THE 8TH |
|
Savannah Indians batting - Pitching for Montgomery Rebels : LHP Shane Rawley
|
|
Pitching: LHP Vincent Monti
|
|
|
Batting: RHB Eddie Vargas
|
0-0: Called Strike 0-1: Ground out 6-3 (Groundball, 6, EV 93.1 MPH)
|
|
Batting: RHB Jeff Hearron
|
0-0: Called Strike 0-1: Swinging Strike 0-2: Strikes out swinging
|
|
Batting: RHB Mario Diaz
|
0-0: Called Strike 0-1: Fly out, F8 (Flyball, 8RD, EV 91.9 MPH)
|
| Top of the 8th over - 0 runs, 0 hits, 0 errors, 0 left on base; Savannah 5 - Montgomery 3 |
| BOTTOM OF THE 8TH |
|
Montgomery Rebels batting - Pitching for Savannah Indians : RHP Jose Guzman
|
|
Batting: RHB Mike Colbern
|
0-0: Called Strike 0-1: Called Strike 0-2: Strikes out swinging
|
|
Batting: LHB Dwayne Murphy
|
0-0: Called Strike 0-1: Called Strike 0-2: Ball 1-2: SINGLE (Line Drive, 7S, EV 102.5 MPH)
|
|
Batting: RHB Jeff Schumaker
|
0-0: Ball 1-0: Ball 2-0: Foul Ball, location: 2F 2-1: Ball 3-1: Base on Balls Dwayne Murphy to second
|
|
Batting: LHB Greg Brock
|
0-0: Ball 1-0: SINGLE (Line Drive, 7LM, EV 110.6 MPH) Dwayne Murphy to third Jeff Schumaker to second Runner from 3rd tries for Home, SAFE, throw by LF to home
|
|
Batting: RHB John Guarino
|
0-0: Called Strike 0-1: 3-RUN HOME RUN (Flyball, 7D, EV 109.4 MPH), Distance : 381 ft
|
|
Pitching: RHP Anthony Notarino
|
|
|
Batting: SHB Arthur Fischetti
|
0-0: Foul Ball, location: 2F 0-1: DOUBLE (Line Drive, 8RXD, EV 106.9 MPH)
|
|
Batting: RHB Roberto Palacios
|
0-0: Ball Arthur Fischetti steals 3rd base (no throw) 1-0: Ball 2-0: Called Strike 2-1: Ball 3-1: Called Strike 3-2: Fly out, F4 (Popup, 34S, EV 76.3 MPH)
|
|
Batting: LHB Dave Hudgens
|
0-0: Ground out 5-3 (Groundball, 56, EV 86.9 MPH)
|
| Bottom of the 8th over - 4 runs, 4 hits, 0 errors, 1 left on base; Savannah 5 - Montgomery 7 |
| TOP OF THE 9TH |
|
Savannah Indians batting - Pitching for Montgomery Rebels : LHP Vincent Monti
|
|
Pitching: RHP Phillip McCollough
|
|
|
Batting: RHB Angel Salazar
|
0-0: Swinging Strike 0-1: Ball 1-1: Called Strike 1-2: Ground out U3 (Groundball, 3S, EV 88.1 MPH)
|
|
Batting: LHB Kelvin Torve
|
0-0: Reached on error, E2 (Groundball, 2L, EV 68.1 MPH)
|
|
Batting: RHB Jim Paciorek
|
0-0: Called Strike 0-1: Foul Ball, location: 2F 0-2: Fly out, F8 (Flyball, 8LD, EV 90.0 MPH)
|
|
Batting: RHB Wade Rowdon
|
0-0: SINGLE (Line Drive, 7LS, EV 91.9 MPH) Kelvin Torve to third
|
|
Batting: RHB Ramiro Gutierrez
|
0-0: Fielders Choice at 2nd, 5-4 (Groundball, 56, EV 89.4 MPH)
|
| Top of the 9th over - 0 runs, 1 hit, 1 error, 2 left on base; Savannah 5 - Montgomery 7 |
|